[Event "*** SCC Grand Prix: Titled Tuesday Blitz"]
[Site "Chess.com"]
[Date "2020.07.14"]
[Round "2"]
[White "mitrabhaa"]
[Black "BabyFacedAssasin"]
[Result "1-0"]
[WhiteElo "2604"]
[BlackElo "2228"]
[TimeControl "180+1"]
[EndTime "10:17:22 PDT"]
[Termination "mitrabhaa won by resignation"]

1. d4 f5 2. Bg5 g6 3. h4 h6 4. Bf4 Bg7 5. Nc3 Nf6 6. e3 O-O 7. Qf3 d6 8. Bc4+ e6 9. O-O-O Qe8 10. Nge2 Nc6 11. a3 a6 12. Ba2 Kh7 13. e4 fxe4 14.
Nxe4 Nh5 15. Qe3 Nxf4 16. Nxf4 e5 17. Ng5+ Kh8 18. Nfe6 Bxe6 19. Nxe6 exd4 20. Qg3 Rf7 21. Qxg6 Re7 22. Qf5 Rf7 23. Qh3 Re7 24. Rhe1 b5 25. Bd5 Rb8 26. Nxg7 Kxg7 27. Bxc6 Rxe1 28. Bxe8 Rbxe8 29. Qg4+ Kh8 30. Qxd4+ Kh7 31. Qd3+ Kh8 32. Qc3+ 1-0

[Event "*** SCC Grand Prix: Titled Tuesday Blitz"]
[Site "Chess.com"]
[Date "2020.07.14"]
[Round "2"]
[White "volcanoexplorer"]
[Black "Sibelephant"]
[Result "0-1"]
[WhiteElo "2582"]
[BlackElo "3142"]
[TimeControl "180+1"]
[EndTime "10:17:23 PDT"]
[Termination "Sibelephant won on time"]

1. e4 c5 2. Nf3 e6 3. d4 cxd4 4. Nxd4 Nc6 5. Be2 Nf6 6. Nc3 d6 7. Be3 a6 8. O-O Bd7 9. f4 Be7 10. Kh1 O-O 11. Qe1 b5 12. a3 Qb8 13. Qg3 b4 14. axb4 Qxb4 15. Nxc6 Bxc6 16. e5 Ne4 17. Nxe4 Bxe4 18. f5 Bxf5 19. Bh6 Bg6 20. Bf4 dxe5 21. Bxe5 a5 22. Bc3 Qh4 23. Qxh4 Bxh4 24.
Bxa5 Bxc2 25. Bc3 Be4 26. Rad1 Rfd8 27. Rxd8+ Bxd8 28. Rd1 Bf6 29. Bxf6 gxf6 30. Kg1 Kf8 31. Rd2 Ke7 32. Kf2 f5 33. g3 Ra1 34. Ke3 e5 35. b4 Ra3+ 36. Kf2 Bb7 37. b5 e4 38. Rb2 e3+ 39. Ke1 Ra1+ 40. Bd1 Bf3 0-1

[Event "*** SCC Grand Prix: Titled Tuesday Blitz"]
[Site "Chess.com"]
[Date "2020.07.14"]
[Round "2"]
[White "annazero"]
[Black "sertalzin"]
[Result "1-0"]
[WhiteElo "2347"]
[BlackElo "1952"]
[TimeControl "180+1"]
[EndTime "10:17:23 PDT"]
[Termination "annazero won by resignation"]

1. d4 d5 2. Bf4 Nf6 3. e3 g6 4. Nd2 Bg7 5. Bd3 O-O 6. Ngf3 b6 7. Qe2 Bb7 8. O-O c5 9. c3 Nc6 10. Ne5 Nd7 11. Nxd7 Qxd7 12. dxc5 bxc5 13. e4 d4 14.
Rac1 e5 15. Bg3 f5 16. Rfd1 f4 17. Bh4 h6 18. f3 g5 19. Bf2 h5 20. Nb3 Qe7 21. cxd4 cxd4 22. Nc5 Bc8 23. Bc4+ Kh8 24. Bd5 Qd6 25. Qb5 Rf6 26. a3 Rb8 27. Qe2 Ne7 28. Ba2 Rg6 29. Kh1 g4 30. Bh4 Bf6 31. Bxf6+ Qxf6 32. Nd3 gxf3 33. gxf3 Bh3 34. Rg1 Rbg8 35. Bxg8 Nxg8 36. Rxg6 Qxg6 37. Nxe5 Qd6 38. Nf7+ 1-0

[Event "*** SCC Grand Prix: Titled Tuesday Blitz"]
[Site "Chess.com"]
[Date "2020.07.14"]
[Round "2"]
[White "penguingm1"]
[Black "goodluck06"]
[Result "1-0"]
[WhiteElo "2947"]
[BlackElo "2560"]
[TimeControl "180+1"]
[EndTime "10:17:24 PDT"]
[Termination "penguingm1 won by resignation"]

1. d4 Nf6 2. c4 e6 3. Nc3 Bb4 4. Qc2 O-O 5. Nf3 d6 6. g3 b6 7. Bg2 Bb7 8. O-O Bxc3 9. Qxc3 Nbd7 10. b4 a5 11. b5 Ne4 12. Qc2 f5 13. Ng5 Qf6 14.
Nxe4 Qxd4 15. Nf6+ Nxf6 16. Bxb7 Qxa1 17. Bxa8 Rxa8 18. Bb2 Qxa2 19. Ra1 Qxa1+ 20. Bxa1 a4 21. f3 a3 22. g4 fxg4 23. fxg4 e5 24. g5 Nd7 25. Qe4 Ra7 26. Qc6 Nf8 27. h4 g6 28.
c5 bxc5 29. b6 cxb6 30. Qxd6 a2 31. Qxe5 Rd7 32. Kg2 Kf7 33. Qf4+ Ke8 34. Qe4+ Re7 35. Qa8+ Kf7 36. Qxa2+ Ne6 37. Qd5 Ke8 38. Be5 b5 39. Qc6+ Kf7 40. Qxb5 Nf8 41. Qxc5 Nd7 42. Qc4+ Ke8 43.
Qg8+ Nf8 44. Bd6 1-0

[Event "*** SCC Grand Prix: Titled Tuesday Blitz"]
[Site "Chess.com"]
[Date "2020.07.14"]
[Round "2"]
[White "manitodeplomo"]
[Black "Igor_Lysyj"]
[Result "0-1"]
[WhiteElo "2511"]
[BlackElo "2810"]
[TimeControl "180+1"]
[EndTime "10:17:24 PDT"]
[Termination "Igor_Lysyj won by resignation"]

1. d4 d5 2. c4 e6 3. Nf3 dxc4 4. e3 Nf6 5. Bxc4 c5 6. Nc3 cxd4 7. exd4 Be7 8. O-O O-O 9. Bg5 h6 10. Bh4 Nc6 11.
a3 Nh5 12. Bg3 Nxg3 13. hxg3 Bf6 14. Ne2 b6 15. Rc1 Bb7 16. Qd3 Qd6 17. Rfd1 Rfd8 18. b4 Rd7 19. d5 Ne5 20. Nxe5 Qxe5 21. f4 Qh5 22. Qf3 Qxf3 23. gxf3 exd5 24. Bb5 Re7 25. Kf2 Bb2 26. Rb1 Bf6 27. Rbc1 Rd8 28. Nd4 Bxd4+ 29.
Rxd4 g6 30. g4 Kg7 31. Ba4 g5 32. fxg5 hxg5 33. Bb3 Rd6 34. Rcd1 Rc7 35. Ke3 Rc3+ 36. R4d3 Rxd3+ 37. Rxd3 d4+ 38. Kf2 Kf6 39. Kg3 Ba6 40.
Rd1 d3 41. f4 Rd4 0-1

[Event "*** SCC Grand Prix: Titled Tuesday Blitz"]
[Site "Chess.com"]
[Date "2020.07.14"]
[Round "2"]
[White "PlotnikovPavel"]
[Black "carlesdc96"]
[Result "0-1"]
[WhiteElo "2470"]
[BlackElo "2709"]
[TimeControl "180+1"]
[EndTime "10:17:26 PDT"]
[Termination "carlesdc96 won by resignation"]

1. e4 c5 2. c3 Nf6 3. e5 Nd5 4. d4 d6 5. exd6 cxd4 6. Qxd4 e6 7. Nf3 Nc6 8. Qe4 Bxd6 9. Bd3 b6 10. O-O Bb7 11. Re1 Nf6 12. Qe2 h6 13.
Nbd2 Qc7 14. Ne4 Be7 15. Nxf6+ Bxf6 16. a4 Rd8 17. h3 Na5 18. Bb5+ Bc6 19. Be3 O-O 20.
Bd4 Bxf3 21. Qxf3 Bxd4 22. cxd4 Rxd4 23. Rac1 Qd6 24. Rc3 Qb4 25. Rec1 Qxb2 26. Rc8 Rdd8 27. R8c7 Nb3 28. R1c3 Nd4 29. Qb7 Nxb5 30. axb5 Rd1+ 31. Kh2 Qxf2 32. Rf3 Qg1+ 33. Kg3 Qe1+ 34. Kh2 Qe5+ 35. Rg3 Rd3 0-1

[Event "*** SCC Grand Prix: Titled Tuesday Blitz"]
[Site "Chess.com"]
[Date "2020.07.14"]
[Round "2"]
[White "S2PAc"]
[Black "Korona_91"]
[Result "1-0"]
[WhiteElo "2739"]
[BlackElo "2482"]
[TimeControl "180+1"]
[EndTime "10:17:27 PDT"]
[Termination "S2PAc won by resignation"]

1. d4 e6 2. g3 f5 3. Bg2 Nf6 4. Nf3 g6 5. O-O Bg7 6. c4 O-O 7.
Nc3 d6 8. b4 c6 9. Bb2 Nbd7 10.
Qb3 Qe7 11. a4 Ne4 12. Rad1 d5 13. Nxe4 fxe4 14. Nd2 Nf6 15. f3 exf3 16. exf3 Bd7 17. Rde1 Rae8 18. f4 Qd8 19. Kh1 Nh5 20. Nf3 Nf6 21.
Ne5 Bc8 22. b5 dxc4 23. Qxc4 cxb5 24. axb5 Nd5 25. Ba3 Rf5 26. Be4 Rh5 27. Bf3 Rf5 28. Re2 Bxe5 29. dxe5 b6 30. Bxd5 exd5 31. Qd4 Rf7 32.
Rc1 Qd7 33. e6 Rxe6 34. Rxe6 Qxe6 35. Bb2 Kf8 36. Qh8+ Ke7 37. Ba3+ 1-0

[Event "*** SCC Grand Prix: Titled Tuesday Blitz"]
[Site "Chess.com"]
[Date "2020.07.14"]
[Round "2"]
[White "1977Ivan"]
[Black "kran900"]
[Result "1-0"]
[WhiteElo "2680"]
[BlackElo "2456"]
[TimeControl "180+1"]
[EndTime "10:17:28 PDT"]
[Termination "1977Ivan won by checkmate"]

1. d4 d5 2. c4 c6 3. Nf3 Nf6 4. Nc3 e6 5. g3 dxc4 6. Ne5 b5 7.
Bg2 Nd5 8. O-O Bb7 9. e4 Nxc3 10. bxc3 Nd7 11. f4 c5 12. d5 Nf6 13. Rb1 a6 14. dxe6 fxe6 15. Qe2 Be7 16. Nxc4 O-O 17. Ne5 Qc7 18.
c4 Rfd8 19. Bb2 Qa5 20. Bh3 Bc8 21. Nc6 Qc7 22. Nxd8 Bxd8 23. e5 Ne8 24. Qe4 Rb8 25.
f5 Bb7 26. Qe2 exf5 27. Rxf5 Bc8 28. Rbf1 Bxf5 29. Bxf5 Qe7 30. Be4 Nc7 31. Qh5 g6 32.
Qh6 Ne6 33. Bd5 Rb6 34. Rf6 Qd7 35. Rf8# 1-0

[Event "*** SCC Grand Prix: Titled Tuesday Blitz"]
[Site "Chess.com"]
[Date "2020.07.14"]
[Round "2"]
[White "Zurability"]
[Black "rugbyclub"]
[Result "1-0"]
[WhiteElo "2592"]
[BlackElo "2122"]
[TimeControl "180+1"]
[EndTime "10:17:28 PDT"]
[Termination "Zurability won by checkmate"]

1. Nf3 d5 2. c4 e6 3. g3 Nf6 4. Bg2 c6 5. O-O dxc4 6. Qc2 b5 7. b3 cxb3 8. axb3 Bb7 9. d4 Nbd7 10. Nc3 a6 11. e4 Be7 12. e5 Nd5 13. Ne4 h6 14. Nc5 Nxc5 15. dxc5 b4 16. Nd2 O-O 17. Ne4 a5 18.
Bb2 Ba6 19. Rfe1 Bb5 20. Nd6 Qb8 21. f4 Qa7 22. Bd4 a4 23. f5 Bxd6 24. exd6 a3 25. fxe6 fxe6 26. Rxe6 Rae8 27. Rg6 Rf7 28. Qd2 Kh7 29.
Rg4 Qd7 30. Be4+ Kh8 31. Qxh6+ Kg8 32. Qh7+ Kf8 33. Qh8# 1-0

[Event "*** SCC Grand Prix: Titled Tuesday Blitz"]
[Site "Chess.com"]
[Date "2020.07.14"]
[Round "2"]
[White "Maghalashvili"]
[Black "Shuvalov"]
[Result "1-0"]
[WhiteElo "2768"]
[BlackElo "2487"]
[TimeControl "180+1"]
[EndTime "10:17:29 PDT"]
[Termination "Maghalashvili won by resignation"]

1. Nf3 d5 2. g3 Nf6 3. Bg2 Bf5 4. O-O e6 5. d3 Be7 6. Nbd2 O-O 7. Qe1 h6 8. e4 Bh7 9. b3 c5 10. Ne5 Nc6 11.
Nxc6 bxc6 12. Bb2 a5 13. a4 Rb8 14. h3 c4 15. dxc4 d4 16. e5 Ne8 17. Be4 c5 18. f4 Nc7 19. Bxh7+ Kxh7 20. Qe4+ Kg8 21. Nf3 Rb6 22. Ba3 Na6 23. Kh2 Qd7 24. Ne1 Rd8 25. Nd3 Qc8 26. Rae1 Qd7 27. Qf3 Qc8 28. Re2 Qd7 29.
g4 Qc8 30. Kg3 Rd7 31. h4 Qd8 32. Rh1 f5 33. exf6 Bxf6 34. g5 Be7 35. Ne5 Rdb7 36. Qh5 Bf8 37. Qg6 d3 38. Qxd3 Rd6 39. Qf3 Re7 40.
Qe4 Rd2 41. Kf3 Rxe2 42. Kxe2 h5 43. Rd1 Qe8 44. Qg6 Qxg6 45. Nxg6 Re8 46. Rd7 Nb4 47. Bxb4 cxb4 48. Nxf8 Kxf8 49. Ke3 e5 50. f5 e4 51. Rd5 Kf7 52. Rxa5 Rd8 53. Rd5 Re8 54. a5 g6 55. f6 Ke6 56. a6 Ra8 57. Ra5 Ra7 58. Kxe4 Kd6 59. Kd4 Kc6 60. c5 Rd7+ 61. Kc4 Ra7 62.
Kxb4 Rd7 63. a7 Rxa7 64. Rxa7 Kd5 65. f7 1-0

[Event "*** SCC Grand Prix: Titled Tuesday Blitz"]
[Site "Chess.com"]
[Date "2020.07.14"]
[Round "2"]
[White "MarceloPlaya"]
[Black "Rish_97"]
[Result "0-1"]
[WhiteElo "2310"]
[BlackElo "2678"]
[TimeControl "180+1"]
[EndTime "10:17:29 PDT"]
[Termination "Rish_97 won on time"]

1. e4 e5 2. Nf3 Nc6 3. d4 exd4 4. Bc4 Bc5 5. Ng5 Nh6 6. Nxf7 Nxf7 7. Bxf7+ Kxf7 8.
Qh5+ g6 9. Qxc5 d5 10. Nd2 Re8 11. f3 dxe4 12. O-O e3 13. Ne4 Re5 14. Qc4+ Qd5 15. Qe2 Bf5 16. c3 Qb5 17. Qxb5 Rxb5 18. a4 Rd5 19. cxd4 e2 20. Re1 Nxd4 21. Nc3 Rd7 22. Ra2 Re8 23. b4 Nc2 24. Rxe2 Rxe2 25. Nxe2 Rd1+ 26.
Kf2 Nxb4 27. Rb2 Nd3+ 0-1

[Event "*** SCC Grand Prix: Titled Tuesday Blitz"]
[Site "Chess.com"]
[Date "2020.07.14"]
[Round "2"]
[White "poppy73"]
[Black "mamey78"]
[Result "1-0"]
[WhiteElo "2238"]
[BlackElo "2423"]
[TimeControl "180+1"]
[EndTime "10:17:29 PDT"]
[Termination "poppy73 won by resignation"]

1. e4 e5 2. Nf3 Nc6 3. Bb5 a6 4. Ba4 Nf6 5. d3 b5 6. Bb3 Be7 7. Nc3 O-O 8. a3 d6 9. Nd5 Na5 10. Ba2 Nxd5 11. Bxd5 c6 12. Ba2 Be6 13. b4 Nb7 14.
O-O a5 15. Bxe6 fxe6 16. Bd2 Qe8 17. c4 axb4 18. axb4 Rxa1 19. Qxa1 bxc4 20. dxc4 Qg6 21. Kh1 Qxe4 22. Qa7 Rxf3 23. gxf3 Qxf3+ 24. Kg1 Qg4+ 25. Kh1 Qxc4 26. Ra1 Qd5+ 27. Kg1 Qxd2 28. Qxb7 Qg5+ 29. Kh1 h6 30. Qxc6 Qf4 31. b5 Kh7 32. Qc2+ e4 33. b6 d5 34. Rg1 Bd6 35. Rg3 d4 36. b7 d3 37. Qb2 Be5 38. b8=Q Bxb2 39. Qxf4 Bf6 40.
Qxe4+ 1-0

[Event "*** SCC Grand Prix: Titled Tuesday Blitz"]
[Site "Chess.com"]
[Date "2020.07.14"]
[Round "2"]
[White "tsvet2005"]
[Black "TheWolfSpur"]
[Result "1-0"]
[WhiteElo "2603"]
[BlackElo "2297"]
[TimeControl "180+1"]
[EndTime "10:17:30 PDT"]
[Termination "tsvet2005 won by resignation"]

1. d4 Nf6 2. c4 c5 3. d5 e6 4. Nc3 exd5 5. cxd5 d6 6. e4 g6 7. f4 Bg7 8. Bb5+ Nfd7 9. a4 O-O 10. Nf3 Na6 11. O-O Nc7 12. Bd3 a6 13. Re1 Re8 14. Be3 Rb8 15. Bf2 b5 16. axb5 Nxb5 17. Nxb5 axb5 18.
Qc2 c4 19. Bf1 Nc5 20. Kh1 Nb3 21. Rad1 Bg4 22. Bg3 Bxf3 23. gxf3 Qb6 24. e5 Nd4 25.
Qf2 Nf5 26. Qxb6 Rxb6 27. Bf2 Rbb8 28. Bh3 dxe5 29. Bxf5 gxf5 30. d6 exf4 31. Rxe8+ Rxe8 32. d7 Rd8 33. Bb6 Bf6 34. Bxd8 Bxd8 35. Re1 Kg7 36. Re8 Bf6 37. d8=Q Bxd8 38. Rxd8 b4 39. Rc8 c3 40.
bxc3 b3 41. Rb8 1-0

[Event "*** SCC Grand Prix: Titled Tuesday Blitz"]
[Site "Chess.com"]
[Date "2020.07.14"]
[Round "2"]
[White "jacky72"]
[Black "plumalka"]
[Result "1-0"]
[WhiteElo "2659"]
[BlackElo "2427"]
[TimeControl "180+1"]
[EndTime "10:17:32 PDT"]
[Termination "jacky72 won by checkmate"]

1. d4 Nf6 2. c4 c5 3. d5 b5 4. Qc2 bxc4 5. e4 d6 6. Bxc4 g6 7. Nf3 Bg7 8. O-O O-O 9. Nc3 Ba6 10. Qe2 Qa5 11. Bd2 Bxc4 12. Qxc4 Qa6 13. Qxa6 Nxa6 14. e5 dxe5 15. Nxe5 Nxd5 16. Nxd5 Bxe5 17. Nxe7+ Kg7 18. Bc3 Bxc3 19. bxc3 Rfe8 20. Nd5 Rad8 21. Ne3 Rd2 22. Rfd1 Red8 23. Kf1 f5 24. Rxd2 Rxd2 25. Rb1 Rxa2 26.
Rb7+ Kf6 27. Rxa7 Nb4 28. Rd7 Nc2 29. Nc4 Ra4 30. Nb6 Ra3 31. Ke2 Na1 32. Rxh7 Rb3 33. Nd7+ Kg5 34. h4+ Kf4 35. Nxc5 Rxc3 36. Nd3+ Kg4 37.
Ne5+ Kf4 38. Nxg6+ Kg4 39. Ne5+ Kf4 40. Nd3+ Kg4 41.
Rg7+ Kxh4 42. Nf4 Rc2+ 43. Ke3 Rc3+ 44. Kd4 Nb3+ 45. Kxc3 Nd4 46. g3# 1-0

[Event "*** SCC Grand Prix: Titled Tuesday Blitz"]
[Site "Chess.com"]
[Date "2020.07.14"]
[Round "2"]
[White "Hikaru"]
[Black "Zablotsky"]
[Result "1-0"]
[WhiteElo "3208"]
[BlackElo "2584"]
[TimeControl "180+1"]
[EndTime "10:17:33 PDT"]
[Termination "Hikaru won by resignation"]

1. Nf3 d5 2. e3 e6 3. b3 Nc6 4. Bb2 Nf6 5. d4 Bb4+ 6. c3 Ba5 7. a3 O-O 8. Be2 Ng4 9. h3 Nf6 10. O-O Ne7 11. c4 c6 12. Nbd2 Ne4 13. Bd3 f5 14.
Rc1 Ng6 15. cxd5 Bxd2 16. Nxd2 exd5 17. Nf3 f4 18. Re1 fxe3 19. Rxe3 Nf4 20. Bxe4 dxe4 21. Rxe4 Nxh3+ 22. gxh3 Qf6 23. Rc3 Qg6+ 24. Ng5 Bf5 25. Re2 h6 26. Rg3 hxg5 27. Bc1 Rae8 28. Rxg5 Qf7 29.
d5 Bg6 30. Bb2 cxd5 31. Rd2 Re4 32. Rg3 Bh5 33. Qxh5 Re1+ 34. Kh2 d4 35. Qxf7+ Rxf7 36. Bxd4 a6 37. Be3 Ra1 38. a4 b5 39. axb5 axb5 40. Rd8+ Kh7 41. Rd5 Rb7 42. Rh5+ Kg8 43. Rgg5 Rb1 44. Rxb5 Rxb3 45. Rxb7 Rxb7 46. Rg5 Kf7 47.
Kg3 Rb1 48. h4 g6 49. h5 gxh5 50. Rxh5 Ra1 51. Kf4 Ra8 52. Bd4 Kg6 53. Rg5+ Kh6 54. Bg7+ Kh7 55. Be5 Ra2 56. f3 Ra7 57. Kf5 Rf7+ 58.
Bf6 1-0

[Event "*** SCC Grand Prix: Titled Tuesday Blitz"]
[Site "Chess.com"]
[Date "2020.07.14"]
[Round "2"]
[White "temus_galaktionov"]
[Black "MrChampion_Coach"]
[Result "1-0"]
[WhiteElo "2668"]
[BlackElo "2452"]
[TimeControl "180+1"]
[EndTime "10:17:33 PDT"]
[Termination "temus_galaktionov won on time"]

1. d4 Nf6 2. Nf3 g6 3. c4 Bg7 4. Nc3 O-O 5. e4 d6 6. Be2 e5 7. O-O Nc6 8. d5 Ne7 9. Ne1 Nd7 10. f3 f5 11. g4 Nf6 12. Nd3 c5 13. Be3 f4 14. Bf2 h5 15. g5 Nh7 16. h4 a5 17.
a3 b6 18. Kh2 Qd7 19. Rh1 a4 20. Qc2 Qe8 21. Nb5 Qd8 22. Bd1 Rf7 23. Nc1 Bf8 24. Na2 Ba6 25. Qxa4 Nc8 26. Rg1 Be7 27. Nac3 Qd7 28.
Qc2 Qd8 29. Be2 Na7 30. Nxa7 Rxa7 31. Bf1 Ra8 32. b3 Kh8 33. Bh3 Bxg5 34. hxg5 Nxg5 35.
Qe2 Nxh3 36. Kxh3 g5 37. Rh1 g4+ 38. fxg4 Bc8 39. Rag1 f3 40. Qe3 Rf4 41. Kh2 Bxg4 42. a4 Ra7 43. Rg3 Raf7 44. Kg1 Qf6 45. Kf1 Qg7 46.
Nd1 Qf8 47. Nb2 R4f6 48. Rxg4 Rf4 49. Rxh5+ 1-0

[Event "*** SCC Grand Prix: Titled Tuesday Blitz"]
[Site "Chess.com"]
[Date "2020.07.14"]
[Round "2"]
[White "UCantHandleDenker"]
[Black "xberli"]
[Result "1-0"]
[WhiteElo "2533"]
[BlackElo "2287"]
[TimeControl "180+1"]
[EndTime "10:17:33 PDT"]
[Termination "UCantHandleDenker won by resignation"]

1. Nf3 Nf6 2. g3 g6 3. Bg2 Bg7 4. O-O O-O 5. d3 d5 6. Nbd2 a5 7. e4 a4 8. a3 dxe4 9. dxe4 Nc6 10. Re1 e5 11. c3 Be6 12. Bf1 Qe7 13. Bc4 Rfd8 14. Qc2 h6 15. Bxe6 Qxe6 16. Kg2 Kh7 17. Nf1 Na5 18. Be3 Nb3 19. Rad1 Ng4 20. h3 Nxe3+ 21.
Nxe3 c6 22. Nd2 Nxd2 23. Rxd2 Rxd2 24. Qxd2 Bf6 25. h4 Rd8 26. Qe2 b5 27. Rd1 Rd6 28.
h5 Qd7 29. hxg6+ fxg6 30. Rxd6 Qxd6 31. Ng4 Bg5 32. Qf3 Kg7 33. Qe2 h5 34. Ne3 Qe6 35. Qd3 h4 36. Nf1 hxg3 37. Nxg3 Be7 38. Qe3 Bd6 39. Qg5 Qf6 40. Nh5+ 1-0

[Event "*** SCC Grand Prix: Titled Tuesday Blitz"]
[Site "Chess.com"]
[Date "2020.07.14"]
[Round "2"]
[White "blitzking1729"]
[Black "Konavets"]
[Result "0-1"]
[WhiteElo "2580"]
[BlackElo "3063"]
[TimeControl "180+1"]
[EndTime "10:17:34 PDT"]
[Termination "Konavets won by resignation"]

1. d4 Nf6 2. Bg5 Ne4 3. Bf4 c5 4. f3 Nf6 5. d5 Qb6 6. Bc1 g6 7. e4 Bg7 8. a4 O-O 9. Na3 d6 10. Bd3 e6 11. c4 Re8 12. Ne2 Na6 13. Nb5 Nb4 14. a5 Qd8 15. O-O exd5 16. exd5 Nh5 17. Nf4 Nf6 18. Bb1 a6 19. Nc3 Nd7 20. Nd3 Ne5 21. Nxe5 Bxe5 22. Ne4 Bf5 23. Bg5 f6 24. Bc1 h5 25. Nc3 Bxb1 26. Nxb1 f5 27. Nc3 Qh4 28. f4 Bd4+ 29. Kh1 Re7 30. Ne2 Rae8 31. Nxd4 Re1 32.
Nf3 Rxd1 33. Rxd1 Qf2 34. Bd2 Re2 35. Rg1 Rxd2 36. Raf1 Qe3 37. Nxd2 Qxd2 38. Re1 Nd3 0-1

[Event "*** SCC Grand Prix: Titled Tuesday Blitz"]
[Site "Chess.com"]
[Date "2020.07.14"]
[Round "2"]
[White "GMKrikor"]
[Black "Zufi1811"]
[Result "1-0"]
[WhiteElo "2693"]
[BlackElo "2463"]
[TimeControl "180+1"]
[EndTime "10:17:34 PDT"]
[Termination "GMKrikor won by resignation"]

1. e4 c5 2. Nf3 d6 3. d4 cxd4 4. Nxd4 Nf6 5. Nc3 a6 6. Be3 e5 7. Nb3 Be7 8. f3 O-O 9. Qd2 Be6 10. O-O-O a5 11. a4 Nc6 12. g4 Nb4 13. g5 Ne8 14.
Kb1 Rc8 15. f4 exf4 16. Bxf4 Nc7 17. Bxd6 Bxg5 18. Qf2 Qe8 19. Bxf8 Qxf8 20. Rg1 Be7 21. Nxa5 Bc5 22. Qg3 Bxg1 23. Qxg1 h5 24. Qb6 Na8 25. Qd6 Qxd6 26. Rxd6 b6 27. Nb3 Kf8 28. Rd2 Ke7 29. Nd4 Nc7 30. Ncb5 Nxb5 31. axb5 Rc5 32. c3 Na2 33. Nxe6 Nxc3+ 34. bxc3 Kxe6 35. Kb2 1-0

[Event "*** SCC Grand Prix: Titled Tuesday Blitz"]
[Site "Chess.com"]
[Date "2020.07.14"]
[Round "2"]
[White "vpsetter"]
[Black "Olga_Zhuravleva"]
[Result "1-0"]
[WhiteElo "2609"]
[BlackElo "2306"]
[TimeControl "180+1"]
[EndTime "10:17:34 PDT"]
[Termination "vpsetter won by resignation"]

1. e4 e5 2. Nf3 Nc6 3. Bb5 f5 4. d3 Nf6 5. Nc3 Bc5 6. O-O O-O 7. Bg5 d6 8. Bc4+ Kh8 9. Nd5 f4 10. c3 Bg4 11. b4 Bb6 12. a4 a6 13. h3 Bh5 14.
Kh2 Ba7 15. g4 fxg3+ 16. fxg3 Qd7 17. Bxf6 gxf6 18. Qd2 Qg7 19. Nh4 Bg6 20. g4 Ne7 21. Nxc7 Rac8 22. Ne6 Qg8 23. Nxf8 Qxf8 24. Be6 Rd8 25.
g5 d5 26. gxf6 dxe4 27. fxe7 Qxe7 28. Nxg6+ hxg6 29. Qh6+ Qh7 30. Rf8+ Rxf8 31. Qxf8+ 1-0

[Event "*** SCC Grand Prix: Titled Tuesday Blitz"]
[Site "Chess.com"]
[Date "2020.07.14"]
[Round "2"]
[White "Euge_chess"]
[Black "northridgehawk"]
[Result "0-1"]
[WhiteElo "2003"]
[BlackElo "2359"]
[TimeControl "180+1"]
[EndTime "10:17:34 PDT"]
[Termination "northridgehawk won on time"]

1. e4 e5 2. Nf3 Nc6 3. Nc3 Nf6 4. Bb5 Nd4 5. Bc4 Bc5 6. Nxe5 O-O 7. d3 d6 8. Nf3 Bg4 9. Be3 Re8 10. Bxd4 Bxd4 11.
h3 Bh5 12. Bb3 d5 13. O-O Bxc3 14. bxc3 dxe4 15. dxe4 Nxe4 16. Qxd8 Raxd8 17. g4 Bg6 18. c4 c6 19. Rad1 Nc3 20. Rxd8 Rxd8 21. Re1 a5 22. a4 c5 23. Re3 Ne4 24. Rd3 Rd6 25. Ne5 b6 26. Rxd6 Nxd6 27. Nd7 Nc8 28. c3 Be4 29. f4 f6 30. Kf2 Bc6 31. Nb8 Be8 32. Na6 Kf7 33. Nc7 Bc6 34. Nd5 Ke6 35. Ke3 g6 36. Nc7+ Kd6 37. Nd5 Ke6 38. Nc7+ Kf7 39.
Nd5 h5 40. f5 gxf5 41. gxf5 Bd7 42. Kf4 Bc6 43. h4 Bxd5 44. cxd5 Nd6 45. Ba2 c4 46.
Bb1 Ke7 47. Bc2 Nb7 48. Bd1 Kd6 49. Bxh5 Nc5 50. Bf7 Nd3+ 51. Ke3 Ne5 52. h5 Nxf7 53. Kf4 Nh6 0-1

[Event "*** SCC Grand Prix: Titled Tuesday Blitz"]
[Site "Chess.com"]
[Date "2020.07.14"]
[Round "2"]
[White "Grischuk"]
[Black "ENEASZ"]
[Result "1-0"]
[WhiteElo "3054"]
[BlackElo "2578"]
[TimeControl "180+1"]
[EndTime "10:17:35 PDT"]
[Termination "Grischuk won on time"]

1. Nf3 Nf6 2. c4 e6 3. g3 d5 4.
Bg2 Be7 5. O-O O-O 6. d4 dxc4 7.
Qc2 b5 8. a4 b4 9. Nfd2 c6 10.
Nxc4 Qxd4 11. Rd1 Qc5 12. Be3 Qh5 13. Nbd2 Ba6 14. Nf3 Rc8 15. Nfe5 Nd5 16. Qe4 Rc7 17. Bf3 Qf5 18. Qxf5 exf5 19. Rac1 Bf6 20. Bc5 Nd7 21. Bd6 Nxe5 22. Nxe5 Bxe5 23. Bxe5 Rcc8 24. e3 h6 25. Rc5 Bb7 26. a5 Re8 27. Bd4 a6 28. Rdc1 Rad8 29. h4 Rd7 30. R1c4 Kh7 31. h5 Re6 32.
Bxd5 Rxd5 33. Rxd5 cxd5 34. Rc7 1-0

[Event "*** SCC Grand Prix: Titled Tuesday Blitz"]
[Site "Chess.com"]
[Date "2020.07.14"]
[Round "2"]
[White "PotapovaM"]
[Black "KazakhFighter04"]
[Result "0-1"]
[WhiteElo "2483"]
[BlackElo "2740"]
[TimeControl "180+1"]
[EndTime "10:17:35 PDT"]
[Termination "KazakhFighter04 won by checkmate"]

1. d4 g6 2. e4 a6 3. Nc3 b5 4. Be3 Bb7 5. f3 d6 6. h4 Nd7 7. h5 Bg7 8. Qd2 c5 9. O-O-O Rc8 10. Kb1 Qa5 11. e5 cxd4 12. Bxd4 dxe5 13. Be3 Ngf6 14. h6 Bf8 15. Nh3 e6 16. Ng5 Bb4 17. Nge4 Bxe4 18. fxe4 O-O 19. Be2 Nb6 20. Rhf1 Bxc3 21.
Qd6 Nxe4 22. Qxb6 Qb4 23. b3 Bd4 24. Bxd4 exd4 25. Bd3 Nd2+ 26. Kb2 Qc3+ 27. Ka3 Rc4 28. Bxc4 Nxc4# 0-1

[Event "*** SCC Grand Prix: Titled Tuesday Blitz"]
[Site "Chess.com"]
[Date "2020.07.14"]
[Round "2"]
[White "Arjun2002"]
[Black "ikhasu"]
[Result "1-0"]
[WhiteElo "2655"]
[BlackElo "2414"]
[TimeControl "180+1"]
[EndTime "10:17:35 PDT"]
[Termination "Arjun2002 won on time"]

1. d4 Nf6 2. c4 c5 3. d5 b5 4. cxb5 a6 5. b6 g6 6. Nc3 Bg7 7. e4 d6 8. Nf3 Nbd7 9. Be2 Rb8 10. O-O O-O 11. Nd2 Nxb6 12. Nc4 Nxc4 13. Bxc4 Nd7 14. Qe2 a5 15. f4 Nb6 16. Bd3 f5 17. e5 dxe5 18. fxe5 Kh8 19. d6 exd6 20. exd6 Re8 21. Qf3 Qxd6 22. Bf4 Qd4+ 23. Kh1 Bb7 24. Qg3 Rbd8 25.
Rad1 Be5 26. Bb5 Bxf4 27. Rxf4 Qe5 28. Bxe8 Rxe8 29. Rff1 Qxg3 30. hxg3 Nc4 31. Rfe1 Ne3 32. Rd3 Bxg2+ 33. Kg1 1-0

[Event "*** SCC Grand Prix: Titled Tuesday Blitz"]
[Site "Chess.com"]
[Date "2020.07.14"]
[Round "2"]
[White "Shivagami"]
[Black "ljuks68"]
[Result "0-1"]
[WhiteElo "2213"]
[BlackElo "2436"]
[TimeControl "180+1"]
[EndTime "10:17:35 PDT"]
[Termination "ljuks68 won on time"]

1. d4 d5 2. c4 c6 3. Bf4 Nf6 4. e3 Qb6 5. Qb3 dxc4 6. Bxc4 e6 7. Nc3 Be7 8. Nge2 O-O 9. O-O Qd8 10. e4 b5 11. Bd3 a6 12. Rad1 Bb7 13. Bg3 Nbd7 14. f4 c5 15. e5 c4 16. Bxc4 Ng4 17. Bxe6 Ne3 18. Bxd7 Qxd7 19. d5 Nxf1 20. Kxf1 Bc5 21. e6 Qe7 22. f5 fxe6 23. dxe6 Rxf5+ 24. Ke1 Bc6 25. Qc2 Qxe6 26. Rd3 Raf8 27. Kd2 b4 28. Nd1 Be4 0-1

[Event "*** SCC Grand Prix: Titled Tuesday Blitz"]
[Site "Chess.com"]
[Date "2020.07.14"]
[Round "2"]
[White "Tashik"]
[Black "alfiefischer77"]
[Result "1-0"]
[WhiteElo "2419"]
[BlackElo "2190"]
[TimeControl "180+1"]
[EndTime "10:17:36 PDT"]
[Termination "Tashik won by resignation"]

1. c4 Nf6 2. Nc3 e6 3. e4 d5 4. cxd5 exd5 5. e5 Ne4 6. Nf3 Bf5 7. d3 Nxc3 8. bxc3 Be7 9. d4 O-O 10. Bd3 Qd7 11. O-O c5 12. Rb1 b6 13. dxc5 bxc5 14.
Be3 Rd8 15. Re1 Nc6 16. h3 Rac8 17. Bxf5 Qxf5 18. Rb7 Rb8 19. Rxb8 Nxb8 20. Qa4 Qd7 21. Qxd7 Rxd7 22. Rb1 Nc6 23. Rb5 d4 24. cxd4 cxd4 25. Bd2 h6 26. g4 Kh7 27. Kg2 Kg6 28. Ne1 d3 29. f4 f5 30. Nf3 fxg4 31. hxg4 Nd4 32.
Nxd4 Rxd4 33. Kf3 Ra4 34. Rb7 Bc5 35. f5+ Kh7 36. f6 Rxa2 37. Rxg7+ Kh8 38. Bxh6 d2 39. Rd7 Bb4 40. e6 Ra1 41. Bxd2 Ra3+ 1-0